 Dungeon Crawl Stone Soup version 0.31.0-32-g396128a36d (webtiles) character file.

Game seed: 9255070418725272680

316 Dado the Ducker (level 6, -1/53 HPs)
             Began as a Gnoll Monk on Mar 26, 2024.
             Slain by an orc
             ... wielding a +0 war axe
              (7 damage)
             ... on level 3 of the Dungeon.
             The game lasted 00:07:32 (2577 turns).

Dado the Ducker (Gnoll Monk)                        Turns: 2577, Time: 00:07:32

Health: -1/53      AC:  2    Str: 12    XL:     6   Next: 44%
Magic:  9/9        EV: 15    Int:  9    God:
Gold:   95         SH:  0    Dex: 15    Spells: 9/9 levels left

rFire   . . .        n - +0 scythe
rCold   . . .        (shield currently unavailable)
rNeg    . . .        b - +0 robe
rPois   .            (no helmet)
rElec   .            (no cloak)
rCorr   .            (no gloves)
SInv    .            (no boots)
Will    .....        (no amulet)
Stlth   ++           (no ring)
HPRegen 0.28/turn    (no ring)
MPRegen 0.11/turn

%: no passive effects
@: no status effects
A: fangs 1, strong nose, distributed training
a: no special abilities


You were on level 3 of the Dungeon.
You visited 1 branch of the dungeon, and saw 6 of its levels.

You collected 150 gold pieces.
You spent 55 gold pieces at shops.

Inventory:

Hand Weapons
 a - a +0 spear
 n - a +0 scythe (weapon)
Missiles
 j - 2 boomerangs (quivered)
Armour
 b - a +0 robe (worn)
 d - an orb of light
Magical Staves
 t - a staff of earth
Jewellery
 m - an amulet of faith
Talismans
 o - a talisman of death
Scrolls
 f - a scroll of revelation {unknown}
 g - a scroll of blinking {unknown}
 h - a scroll of immolation {unknown}
 k - a scroll of vulnerability {unknown}
 p - a scroll of acquirement {unknown}
 u - a scroll of amnesia {unknown}
Potions
 c - a potion of ambrosia
 e - 3 potions of curing
 i - a potion of enlightenment
 l - a potion of brilliance
 q - a potion of mutation {unknown}
 r - 2 potions of lignification {unknown}
 s - a potion of invisibility {unknown}


   Skills:
 + Level 6.8 Fighting
 + Level 2.0 Short Blades
 + Level 2.0 Long Blades
 + Level 2.0 Axes
 + Level 2.0 Maces & Flails
 + Level 6.8 Polearms
 + Level 2.0 Staves
 + Level 2.0 Ranged Weapons
 + Level 2.0 Throwing
 + Level 2.0 Armour
 + Level 6.8 Dodging
 + Level 2.0 Stealth
 + Level 2.0 Shields
 + Level 2.0 Unarmed Combat
 + Level 2.0 Spellcasting
 + Level 1.6 Conjurations
 + Level 1.6 Hexes
 + Level 1.6 Summonings
 + Level 1.6 Necromancy
 + Level 1.6 Translocations
 + Level 1.6 Fire Magic
 + Level 1.6 Ice Magic
 + Level 1.6 Air Magic
 + Level 1.6 Earth Magic
 + Level 1.6 Alchemy
 + Level 2.2 Invocations
 + Level 2.0 Evocations
 + Level 1.8 Shapeshifting


You had 9 spell levels left.
You didn't know any spells.
Your spell library contained the following spells:

 Spells                   Type           Power      Damage    Failure   Level
 Apportation              Tloc           6%         N/A       17%         1
 Slow                     Hex            12%        N/A       17%         1
 Jinxbite                 Hex            6%         N/A       26%         2
 Confusing Touch          Hex            3%         N/A       45%         3
 Sigil of Binding         Hex            3%         N/A       45%         3
 Vampiric Draining        Necr           3%         2d6       45%         3
 Alistair's Intoxication  Alch           2%         N/A       99%         5


Dungeon Overview and Level Annotations

Branches:
Dungeon (6/15)
 Temple: D:4-7

Altars:
Vehumet
Xom

Shops:
D:2 *

Annotations:
D:5 Edmund
D:6 Prince Ribbit


Innate Abilities, Weirdness & Mutations

You have very sharp teeth.
Your uncanny sense of smell can sniff out nearby items.
Your experience applies equally to all skills.


Message History

You hear a shout!
The orc shouts!
Found a shimmering altar of Xom. 2 crimson imps and an orc priest come into view.
The crimson imp shouts! x2; The orc priest shouts!
The teleport trap disappears.
The crimson imp disappears!
There is an open door here.
The orc shouts!
You slash the orc priest!
The orc priest is almost dead.
The crimson imp blinks!
The teleport trap disappears.
The crimson imp disappears!
The orc priest closely misses you.
The orc priest hits you with a +0 short sword.
The orc hits you with a +0 war axe.
The crimson imp throws a stone.
The stone closely misses you.
The stone hits the orc.
The orc priest misses you. The orc priest closely misses you.
You closely miss the orc priest. You bite the orc priest.
The orc priest is almost dead.
The orc priest looks encouraged for a moment.
The orc closely misses you.
You puncture the orc priest!
You bite the orc priest, but do no damage.
The orc priest is heavily wounded.
The orc hits you with a +0 war axe. The orc priest barely misses you.
The crimson imp misses you.
You hit the orc priest. You bite the orc priest.
The orc priest is almost dead.
The orc completely misses you. The crimson imp barely misses you.
The orc priest completely misses you.
The orc priest invokes the aid of Beogh against you.
Beogh smites you! The orc hits you with a +0 war axe!
You puncture the orc priest!
You kill the orc priest!
The crimson imp closely misses you. The orc hits you but does no damage.
The orc hits you with a +0 war axe.
You closely miss the crimson imp. The orc hits you with a +0 short sword.
The orc priest mumbles some strange prayers to Beogh against you.
Pain shoots through your body!
* * * LOW HITPOINT WARNING * * *
The orc hits you with a +0 war axe!
You die...

#.##......######
#+#####...)....#
##.....#.#
#..#..#.# ∆
#..#...)########
###..#...........+
∆
+......###########
##.5##..# ##@#####
#.^ooo..#
###.o.### .....
###+###


You could see an orc priest, a crimson imp and 3 orcs.

Vanquished Creatures
  Sigmund (D:2)
  A hound (D:3)
  An orc priest (D:3)
  An orc wizard (D:6)
  2 adders (D:2)
  3 dart slugs
  A ribbon worm (D:2)
  2 orcs (D:6)
  5 ball pythons
  5 endoplasms
  2 giant cockroaches (D:1)
  3 hobgoblins (D:2)
  2 jackals (D:1)
  A quokka (D:1)
  5 bats
  3 goblins
  5 kobolds
  7 rats
50 creatures vanquished.

Notes
Turn   | Place    | Note
-------+----------+-------------------------------------------
     0 | D:1      | Dado the Gnoll Monk began the quest for the Orb.
     0 | D:1      | Reached XP level 1. HP: 23/23 MP: 1/1
   178 | D:1      | Reached XP level 2. HP: 22/29 MP: 2/2
   496 | D:1      | Found a faded altar of an unknown god.
   885 | D:2      | Reached XP level 3. HP: 32/35 MP: 3/3
   931 | D:2      | Reached skill level 1 in Invocations
  1090 | D:2      | Reached skill level 1 in Short Blades
  1090 | D:2      | Reached skill level 1 in Long Blades
  1090 | D:2      | Reached skill level 1 in Axes
  1090 | D:2      | Reached skill level 1 in Maces & Flails
  1090 | D:2      | Reached skill level 1 in Staves
  1090 | D:2      | Reached skill level 1 in Ranged Weapons
  1090 | D:2      | Reached skill level 1 in Throwing
  1090 | D:2      | Reached skill level 1 in Armour
  1090 | D:2      | Reached skill level 1 in Stealth
  1090 | D:2      | Reached skill level 1 in Shields
  1090 | D:2      | Reached skill level 1 in Unarmed Combat
  1090 | D:2      | Reached skill level 1 in Spellcasting
  1090 | D:2      | Reached skill level 1 in Evocations
  1159 | D:2      | Found Lank's Assorted Antiques.
  1286 | D:2      | Noticed Sigmund
  1306 | D:2      | Killed Sigmund
  1307 | D:2      | Reached skill level 1 in Conjurations
  1307 | D:2      | Reached skill level 1 in Hexes
  1307 | D:2      | Reached skill level 1 in Summonings
  1307 | D:2      | Reached skill level 1 in Necromancy
  1307 | D:2      | Reached skill level 1 in Translocations
  1307 | D:2      | Reached skill level 1 in Fire Magic
  1307 | D:2      | Reached skill level 1 in Ice Magic
  1307 | D:2      | Reached skill level 1 in Air Magic
  1307 | D:2      | Reached skill level 1 in Earth Magic
  1307 | D:2      | Reached skill level 1 in Alchemy
  1307 | D:2      | Reached skill level 1 in Shapeshifting
  1307 | D:2      | Reached XP level 4. HP: 22/41 MP: 4/6
  1307 | D:2      | Reached XP level 5. HP: 26/47 MP: 4/7
  1726 | D:2      | Bought a scroll labelled JAOPNU QUSMIL for 19 gold pieces
  1726 | D:2      | Bought a scroll labelled HUATAM QIOME for 19 gold pieces
  1726 | D:2      | Bought a bubbling brown potion for 17 gold pieces
  1837 | D:3      | Found a radiant altar of Vehumet.
  1872 | D:3      | Reached XP level 6. HP: 53/53 MP: 8/8
  1992 | D:3      | You fall into a shaft and drop 3 floors!
  2196 | D:6      | Noticed a yak
  2196 | D:6      | Noticed a yak
  2196 | D:6      | Noticed a yak
  2196 | D:6      | Noticed a yak
  2196 | D:6      | Noticed a yak
  2209 | D:6      | Noticed Prince Ribbit
  2256 | D:5      | Entered Level 5 of the Dungeon
  2361 | D:5      | Noticed Edmund
  2570 | D:3      | Found a shimmering altar of Xom.
  2577 | D:3      | Slain by an orc

Illustrated notes

Levels and vault maps discovered:
D:1:      beargit_arrival_greenhouse, layout_basic,
          shapermc_ecumenical_altar_hornbeckon, minmay_split_cup_large
D:2:      layout_basic, serial_shops, shop, serial_park_tiny_pond, uniq_sigmund
D:3:      layout_basic, nicolae_vehumet_altar_sigil, led_xom_imps
D:4:      layout_basic
D:5:      layout_rooms, lemuel_temple_firewalk_b, uniq_edmund,
          uniq_crazy_yiuf_cottage
D:6:      layout_rooms, amcnicky_altar_gilded, serial_co_window_serial,
          co_window_corner_a, co_window_paths_b, co_window_of_opportunity_a,
          co_window_of_opportunity_a, co_window_of_opportunity_a,
          co_window_cross_4, co_window_paths_c, co_window_unsneaky_path_b,
          co_window_corner_b, co_window_unsneaky_path_b, co_window_corner_b,
          co_window_4corner_a, uniq_prince_ribbit1

Skill      XL: |  1  2  3  4  5  6 |
---------------+-------------------+-----
Invocations    | 2 |  2.2
Short Blades   | 1 2 |  2.0
Long Blades    | 1 2 |  2.0
Axes           | 1 2 |  2.0
Maces & Flails | 1 2 |  2.0
Staves         | 1 2 |  2.0
Ranged Weapons | 1 2 |  2.0
Throwing       | 1 2 |  2.0
Armour         | 1 2 |  2.0
Stealth        | 1 2 |  2.0
Shields        | 1 2 |  2.0
Unarmed Combat | 1 2 |  2.0
Spellcasting   | 1 2 |  2.0
Evocations     | 1 2 |  2.0
Conjurations   | 1 |  1.6
Hexes          | 1 |  1.6
Summonings     | 1 |  1.6
Necromancy     | 1 |  1.6
Translocations | 1 |  1.6
Fire Magic     | 1 |  1.6
Ice Magic      | 1 |  1.6
Air Magic      | 1 |  1.6
Earth Magic    | 1 |  1.6
Alchemy        | 1 |  1.6
Shapeshifting  | 1 |  1.8
Fighting       | |  6.8
Polearms       | |  6.8
Dodging        | |  6.8

Action                     |  1- 3 |  4- 6 || total
---------------------------+-------+-------++-------
  Melee: Spear             |   114 |     2 ||   116
         Bite              |     9 |     7 ||    16
         Halberd           |       |    55 ||    55
    Use: Scroll            |       |     3 ||     3
   Stab: Sleeping          |       |     3 ||     3
 Armour: Robe              |    23 |    52 ||    75
  Dodge: Dodged            |    43 |    69 ||   112
